 Dungeon Crawl Stone Soup version 0.21.0-26-g889b8f6 (webtiles) character file.

79 Goblin1989 the Insei (level 4, -3/35 HPs)
             Began as a Demonspawn Monk on Jan 27, 2018.
             Killed by divine providence
             ... invoked by an orc priest
              (9 damage)
             ... on level 3 of the Dungeon.
             The game lasted 00:09:03 (2875 turns).

Goblin1989 the Insei (Demonspawn Monk)              Turns: 2875, Time: 00:09:03

Health: -3/35      AC: 11    Str: 12    XL:     4   Next: 17%
Magic:  0/4        EV: 11    Int: 11    God:
Gold:   106        SH:  0    Dex: 16    Spells: 3/3 levels left

rFire    . . .     SeeInvis .     - Unarmed
rCold    . . .     Gourm    .   (no shield)
rNeg     . . .     Faith    .   l - +0 ring mail (curse)
rPois    .         Spirit   +   (no helmet)
rElec    .         Reflect  .   (no cloak)
rCorr    +         Harm     .   (no gloves)
MR       .....                  (no boots)
Stlth    +.........             p - amulet of guardian spirit
HPRegen  0.11/turn              g - ring of resist corrosion
MPRegen  0.09/turn              (no ring)

@: sanguine armour, berserk cooldown, slowed, very slow
A: claws 1, sanguine armour 1
a: no special abilities


You were on level 3 of the Dungeon.
You were very hungry.

You visited 1 branch of the dungeon, and saw 3 of its levels.

You collected 106 gold pieces.

Inventory:

Armour
 l - a cursed +0 ring mail (worn)
 n - a +0 scale mail
Jewellery
 g - a ring of resist corrosion (left claw)
 p - an amulet of guardian spirit (around neck)
Scrolls
 f - a scroll of identify {unknown}
 j - 2 scrolls of random uselessness {unknown}
 m - 2 scrolls of teleportation {unknown}
Comestibles
 e - a ration


   Skills:
 - Level 3.0 Fighting
 - Level 2.6 Dodging
 - Level 1.7 Stealth
 + Level 4.6 Unarmed Combat


You had 3 spell levels left.
You didn't know any spells.

Dungeon Overview and Level Annotations

Branches:
Dungeon (3/15)

Altars:


Innate Abilities, Weirdness & Mutations

You have sharp fingernails.
When seriously injured, your bleeding wounds create armour. (AC +6)


Message History

The adder completely misses you.
The orc priest looks encouraged for a moment.
You hit the adder but do no damage. You punch the adder.
The adder is severely wounded.
The adder bites you.
The orc priest casts a cantrip, but nothing happens.
The adder closely misses you.
You take 4 damage, and have 21/29 hp.
You miss the adder.
The adder is severely wounded.
The adder closely misses you.
You hit the adder.
You kill the adder!
You have reached level 4!
You feel agile.
Your demonic ancestry asserts itself...
Your fingernails lengthen.
You regained 5 hp, and now have 26/35 hp.
MP restored: 4 Unknown command.
You scratch the orc. Your claw misses the orc.
The orc is severely wounded.
The orc hits you with a hand axe.
Your blood congeals into armour.
You take 3 damage, and have 23/35 hp.
You now have 3/4 mp.
You reach down and open the door.
The orc priest invokes the aid of Beogh against you.
Beogh smites you!
* * * LOW HITPOINT WARNING * * *
The orc closely misses you.
You take 9 damage, and have 14/35 hp.
MASSIVE DAMAGE!!
You now have 2/4 mp.
There is an open door here.
You are starting to lose your buoyancy.
There is an open door here.
You scratch the orc.
You kill the orc!
The goblin hits you but does no damage.
There is an open door here.
You see here a hand axe.
The goblin hits you but does no damage.
You float gracefully downwards.
The orc barely misses you.
The orc priest calls down the wrath of Beogh upon you.
Beogh smites you!
* * * LOW HITPOINT WARNING * * *
You take 8 damage, and have 8/35 hp.
MASSIVE DAMAGE!!
You now have 1/4 mp.
The orc closely misses you.
You hear the slow rusting of a distant drain.
The ooze quivers.
The ooze hits you but does no damage. The ooze barely misses you.
The ooze hits you but does no damage.
The orc priest mumbles some strange prayers to Beogh against you.
Beogh smites you!
* * * LOW HITPOINT WARNING * * *
You take 7 damage, and have 3/35 hp.
You now have 0/4 mp.
You aren't carrying any potions.
Unknown command.
You are feeling very hungry.
The ooze closely misses you.
A rat comes into view.
You see here 2 golden potions.
It was a potion of berserk rage.
A red film seems to cover your vision as you go berserk!
You feel yourself moving faster!
You feel mighty! The ooze closely misses you.
You now have 9/52 hp.
Unknown command.
You feel a strong urge to attack something.
The orc hits you but does no damage.
You mangle the ooze!!
You kill the ooze!
You closely miss the orc. The orc hits you but does no damage.
You scratch the orc.
The orc is lightly wounded.
The rat barely misses you.
You barely miss the orc.
The orc is lightly wounded.
The orc closely misses you.
You closely miss the orc.
The orc is lightly wounded.
The rat bites you but does no damage. The orc hits you but does no damage.
You closely miss the orc.
The orc is lightly wounded.
You scratch the orc but do no damage. You claw the orc.
You kill the orc!
The rat bites you but does no damage. The goblin barely misses you.
The rat bites you.
* * * LOW HITPOINT WARNING * * *
Things that are here:
a short sword; a shiny chain mail; an orc corpse You take 2 damage, and have 8/52 hp.
You now have 2/4 mp.
You claw the goblin!
You kill the goblin!
You scratch the goblin.
You kill the goblin!
The rat barely misses you.
You are no longer berserk.
You are exhausted.
You feel yourself slow down. The orc hits you but does no damage.
The orc priest calls down the wrath of Beogh upon you.
Beogh smites you!
You die... <....██.████████████ ██████ █.█ █.█ █.█ █.█ █.█ █████

█.█ █...
███████o███.█
.......o@)..█
████.██.██r!█
█ █..!$.....█
.......$██.█
█.█...█..█ █
█.██.██... █
......███
███.████


You could see an orc priest, an orc and a rat.

Vanquished Creatures
  An adder (D:3)
  3 oozes
  A worm (D:2)
  2 dart slugs (D:1)
  5 leopard geckos (D:1)
  2 orcs (D:3)
  2 ball pythons (D:1)
  3 giant cockroaches
  5 goblins
  4 hobgoblins
  A quokka (D:3)
  3 bats
  A frilled lizard (D:1)
  5 kobolds
  5 rats
43 creatures vanquished.

Notes
Turn   | Place    | Note
-------+----------+-------------------------------------------
     0 | D:1      | Goblin1989 the Demonspawn Monk began the quest for the Orb.
     0 | D:1      | Reached XP level 1. HP: 18/18 MP: 1/1
   136 | D:1      | Reached skill level 3 in Unarmed Combat
   300 | D:1      | Gained mutation: When seriously injured, your bleeding wounds create armour. (AC +6) [demonic ancestry]
   300 | D:1      | Reached XP level 2. HP: 22/24 MP: 2/2
   814 | D:1      | Reached XP level 3. HP: 24/29 MP: 3/3
  1094 | D:1      | Reached skill level 4 in Unarmed Combat
  2795 | D:3      | Gained mutation: You have sharp fingernails. [demonic ancestry]
  2795 | D:3      | Reached XP level 4. HP: 26/35 MP: 4/4
  2875 | D:3      | Killed from afar by an orc priest

Skill      XL: |  1  2  3 |
---------------+----------+-----
Unarmed Combat | 3 4 |  4.6
Fighting       | |  3.0
Dodging        | |  2.6
Stealth        | |  1.7

Action                   |  1- 3 |  4- 6 || total
-------------------------+-------+-------++-------
Melee: Unarmed           |   283 |    11 ||   294
       Punch             |     5 |     1 ||     6
  Use: Potion            |     2 |     1 ||     3
 Stab: Sleeping          |     6 |       ||     6
  Eat: Chunk             |     2 |       ||     2
       Ration            |     1 |       ||     1
Armor: Robe              |    39 |       ||    39
       Ring mail         |    35 |     8 ||    43
Dodge: Dodged            |   173 |    10 ||   183

Vault maps used:
D:1:      erik_arrival_gehennom, minmay_shallow_snake_nest
D:3:      gup_sewer_entry_spiral
